 Dungeon Crawl Stone Soup version 0.30-a0-586-g23e55c9e0a (webtiles) character file.

Game seed: 15343003840848803342

30 wormed the Cudgeller (level 3, 0/19 HPs)
             Began as a Vine Stalker Berserker on Jan 3, 2023.
             Was a Believer of Trog.
             Succumbed to an adder's poison
             ... on level 2 of the Dungeon.
             The game lasted 00:01:20 (758 turns).

wormed the Cudgeller (Vine Stalker Berserker)        Turns: 758, Time: 00:01:20

Health: 0/19       AC:  2    Str: 19    XL:     3   Next: 18%
Magic:  3/4        EV: 12    Int:  7    God:    Trog [**....]
Gold:   59         SH:  0    Dex: 15    Spells: 2/2 levels left

rFire   . . .      SeeInvis .    a - +0 mace
rCold   . . .      Faith    .    (no shield)
rNeg    . . .      Spirit   +    b - +0 animal skin
rPois   .          Reflect  .    (no helmet)
rElec   .          Harm     .    (no cloak)
rCorr   .          Rampage  .    (no gloves)
Will    .....                    (no boots)
Stlth   +                        (no amulet)
HPRegen 0.23/turn                (no ring)
MPRegen 0.09/turn                (no ring)

@: brilliant, lethally poisoned (0 -> -5), flying
A: fangs 2, magic shield, antimagic bite, no potion heal 2
a: Renounce Religion, Berserk, Trog's Hand


You were on level 2 of the Dungeon.
You worshipped Trog.
Trog was pleased with you.
You visited 1 branch of the dungeon, and saw 2 of its levels.

You collected 59 gold pieces.

Inventory:

Hand Weapons
 a - a +0 mace (weapon)
Armour
 b - a +0 animal skin (worn)
Scrolls
 c - 2 scrolls of teleportation {unknown}
 d - 2 scrolls of enchant armour {unknown}
 e - a scroll of summoning {unknown}
 g - a scroll of amnesia {unknown}
Potions
 h - a potion of attraction {unknown}


   Skills:
 + Level 2.9 Fighting
 * Level 3.2 Maces & Flails
 + Level 1.9 Armour
 + Level 1.9 Dodging


You had 2 spell levels left.
You didn't know any spells.
Your spell library was empty.

Dungeon Overview and Level Annotations

Branches:
Dungeon (2/15)

Altars:
The Shining One

Shops:
D:1 (


Innate Abilities, Weirdness & Mutations

You have extremely sharp teeth.
When hurt, damage is shared between your health and your magic reserves.
Your bite disrupts and absorbs the magic of your enemies.
Potions cannot restore your health.


Message History

You are poisoned.
The adder poisons you! The adder misses you.
You closely miss the adder.
You feel sick. The adder closely misses you.
You closely miss the adder. Your bite misses the adder.
You feel sick. The adder closely misses you. x2
You hit the adder. Your bite misses the adder.
The adder is lightly wounded.
You feel sick. The adder closely misses you.
You closely miss the adder.
The adder is lightly wounded.
You feel sick.
You are no longer poisoned.
The adder bites you. The adder barely misses you.
You hit the adder.
The adder is moderately wounded.
The adder closely misses you. The adder bites you.
You closely miss the adder. You bite the adder. You drain its power.
The adder is severely wounded.
The adder bites you.
You are poisoned.
The adder poisons you!
You hit the adder but do no damage. You bite the adder, but do no damage.
The adder is severely wounded.
You feel sick. The adder bites you.
* * * LOW HITPOINT WARNING * * *
You are lethally poisoned!
The adder poisons you! The adder closely misses you.
It was a potion of brilliance.
You feel clever all of a sudden.
* * * LOW HITPOINT WARNING * * *
You feel sick. The adder closely misses you.
You closely miss the adder.
The adder is severely wounded.
* * * LOW HITPOINT WARNING * * *
You feel sick. The adder bites you but does no damage.
The adder barely misses you.
It was a potion of flight.
You feel very buoyant.
You fly up into the air.
You die...

+####....#...#
............+
...........###
#...........#
#...........##+###
#................#.
#................#.
#................#.
#.@##....##......#.
#.....S###.†..+......#.
#..........#.##......#.
#......#...#.####...##.
...###..+...+...........
... #..#...#....#......
.. ...#####...........
##.### #...........
...#.......###.


You could see an adder.

Vanquished Creatures
  A dart slug (D:1)
  An endoplasm (D:1)
  A giant cockroach (D:1)
  3 goblins (D:1)
  5 hobgoblins (D:1)
  2 ball pythons (D:1)
  3 bats (D:1)
  4 kobolds (D:1)
  7 rats
27 creatures vanquished.

Notes
Turn   | Place    | Note
-------+----------+-------------------------------------------
     0 | D:1      | wormed the Vine Stalker Berserker began the quest for the
                  | Orb.
     0 | D:1      | Reached XP level 1. HP: 11/11 MP: 2/2
    70 | D:1      | Reached XP level 2. HP: 9/16 MP: 3/3
   112 | D:1      | Found Pumolati's Antique Weapon Shoppe.
   142 | D:1      | Reached skill level 3 in Maces & Flails
   388 | D:1      | Reached XP level 3. HP: 19/19 MP: 4/4
   461 | D:1      | Reached ** piety under Trog
   626 | D:2      | Found a glowing golden altar of the Shining One.
   758 | D:2      | Succumbed to an adder's poison

Illustrated notes

Levels and vault maps discovered:
D:1:      dpeg_arrival_round_a, layout_basic, serial_shops,
          nicolae_shop_waterfront, minivault_26
D:2:      layout_basic, basic_altar, uniq_jessica

Skill      XL: |  1  2 |
---------------+-------+-----
Maces & Flails | 3 |  3.2
Fighting       | |  2.9
Armour         | |  1.9
Dodging        | |  1.9

Action                   || total
-------------------------++-------
Melee: Mace              ||    56
       Bite              ||    12
  Use: Potion            ||     2
Armor: Animal skin       ||    14
Dodge: Dodged            ||    47

Table legend: (Time is in decaauts)
 A = Elapsed time spent in this place.
 B = Non-inter-level travel time spent in this place.
 C = Inter-level travel time spent in this place.
 D = Time resting spent in this place.
 E = Time spent auto-exploring this place.
 F = Levels seen in this place.
 G = Mean time per level.
                   A        B        C        D        E       F      G
               +--------+--------+--------+--------+--------+-----+--------+
         Total |    772 |    736 |     36 |      0 |    592 |   2 |  386.0 |
       Dungeon |    772 |    736 |     36 |      0 |    592 |   2 |  386.0 |
               +--------+--------+--------+--------+--------+-----+--------+

Top non-repeatable levels by time:
     D:1: 625 daAuts
     D:2: 147 daAuts
